 Dungeon Crawl Stone Soup version 0.22.1-1-ga44c0e56f4 (webtiles) character file.

77 Descartes the Gusty (level 4, -4/18 HPs)
             Began as a Felid Air Elementalist on Oct 23, 2018.
             Killed from afar by Sigmund (5 damage)
             ... with a magic dart
             ... on level 3 of the Dungeon on Oct 24, 2018.
             The game lasted 00:13:02 (3404 turns).

Descartes the Gusty (Felid Air Elementalist)        Turns: 3404, Time: 00:13:05

Health: -4/18      AC:  3    Str:  4    XL:     4   Next: 14%
Magic:  3/9        EV: 18    Int: 17    God:
Gold:   88         SH:  0    Dex: 16    Spells: 1/8 levels left
                                        Lives:  0   Deaths: 1

rFire    . . .     SeeInvis +   (weapon unavailable)
rCold    . . .     Gourm    .   (shield unavailable)
rNeg     . . .     Faith    .   (armour unavailable)
rPois    .         Spirit   .   (helmet unavailable)
rElec    .         Reflect  +   (cloak unavailable)
rCorr    +         Harm     .   (gloves unavailable)
MR       .....                  (boots unavailable)
Stlth    ++........             k - +5 amulet of reflection
HPRegen  0.06/turn              e - ring of resist corrosion
MPRegen  0.11/turn              a - +2 ring of protection

@: confused, very slightly contaminated, quick
A: very small, no armour, no weapons or thrown items, stealth, claws 1, fangs 3,
see invisible, carnivore, speed 1, shaggy fur 1, slow metabolism 1, sharp paws
a: no special abilities


You were on level 3 of the Dungeon.
You were completely stuffed.

You visited 1 branch of the dungeon, and saw 3 of its levels.

You collected 88 gold pieces.

Inventory:

Missiles
 f - 60 arrows
Jewellery
 a - a +2 ring of protection (right paw)
 e - a ring of resist corrosion (left paw)
 k - a +5 amulet of reflection (around neck)
 q - an uncursed ring of ice {unknown}
 r - an uncursed ring of magical power {unknown}
Wands
 s - a wand of enslavement (13)
Scrolls
 d - a scroll of enchant armour {unknown}
 i - 4 scrolls of teleportation {unknown}
 j - 2 scrolls of amnesia {unknown}
 l - a scroll of noise {unknown}
 n - a scroll of remove curse {unknown}
 o - a scroll of fear {unknown}
Potions
 c - 2 potions of brilliance {unknown}
 g - 2 potions of lignification {unknown}
 h - a potion of degeneration
 p - a potion of ambrosia {unknown}
Comestibles
 b - 2 rations
 m - 3 chunks of flesh


   Skills:
 - Level 2.6 Dodging
 + Level 3.7 Stealth
 + Level 2.6 Spellcasting
 * Level 2.5 Conjurations
 + Level 0.3 Charms
 * Level 3.7 Air Magic


You had one spell level left.
You knew the following spells:

 Your Spells              Type           Power        Failure   Level  Hunger
a - Shock                 Conj/Air       ##..         4%          1    #......
b - Swiftness             Chrm/Air       #.......     12%         2    ##.....
c - Airstrike             Air            ##........   36%         4    #####..

Your spell library contained the following spells:

 Spells                   Type           Power        Failure   Level  Hunger
 Static Discharge         Conj/Air       ##......     16%         3    ###....
 Lightning Bolt           Conj/Air       ##........   80%         5    ######.


Dungeon Overview and Level Annotations

Branches:
Dungeon (3/15)

Altars:

Annotations:
D:3 Sigmund


Innate Abilities, Weirdness & Mutations

You cannot wear armour.
You are incapable of wielding weapons or throwing items.
Your paws allow you to move quietly. (Stealth)
You have sharp claws.
You have razor-sharp teeth.
You have supernaturally acute eyesight. (SInv)
You are carnivorous and can eat meat at any time.
You cover ground quickly.
You are covered in fur. (AC +1)
You have a slow metabolism.
Your sharp claws are effective at attacking unaware monsters.


Message History

Sigmund hits you from afar with a scythe of pain!
You bump into the rock wall.
You are engulfed in noxious fumes.
You choke on the stench!
You are more confused.
Sigmund hits you from afar with a scythe of pain.
* * * LOW HITPOINT WARNING * * *
You are engulfed in noxious fumes.
You choke on the stench!
You are more confused.
* * * LOW HITPOINT WARNING * * *
You bump into the rock wall.
You are engulfed in noxious fumes.
You choke on the stench!
You are more confused.
* * * LOW HITPOINT WARNING * * *
You bump into the rock wall.
You are engulfed in noxious fumes.
You choke on the stench!
You are more confused.
* * * LOW HITPOINT WARNING * * *
Sigmund points at you and mumbles some strange words.
The magic dart hits you!
You die...

####### ###.....#
##########<#.#.########.##
......).........@§§§§.....
########...#.#@##§§§§...##
# #.###....§§####### #
#...#.........# #
###.#.........# #
#...######### # ##### # #


You could see Sigmund.

Vanquished Creatures
  Robin (D:3)
  4 gnolls
  3 adders (D:2)
  An ooze (D:2)
  2 worms (D:2)
  A dart slug (D:1)
  2 leopard geckos
  An orc (D:3)
  2 bats
  3 giant cockroaches
  11 goblins
  11 hobgoblins
  2 frilled lizards (D:2)
  A kobold (D:1)
  4 rats
49 creatures vanquished.

Notes
Turn   | Place    | Note
-------+----------+-------------------------------------------
     0 | D:1      | Descartes the Felid Air Elementalist began the quest for
                  | the Orb.
     0 | D:1      | Reached XP level 1. HP: 7/7 MP: 4/4
   121 | D:1      | Reached skill level 1 in Conjurations
   682 | D:1      | Reached XP level 2. HP: 11/11 MP: 1/6
   734 | D:1      | Learned a level 2 spell: Swiftness
  1264 | D:2      | Reached XP level 3. HP: 14/14 MP: 1/7
  2225 | D:2      | Reached XP level 4. HP: 18/18 MP: 4/8
  2265 | D:2      | Learned a level 4 spell: Airstrike
  2393 | D:2      | Found a faded altar of an unknown god.
  2817 | D:3      | Noticed Sigmund
  3044 | D:3      | Noticed Robin
  3066 | D:3      | Slain by a hobgoblin
  3067 | D:3      | Reached XP level 3. HP: -1/14 MP: 4/7
  3118 | D:3      | Killed Robin
  3118 | D:3      | Reached XP level 4. HP: 18/18 MP: 5/9
  3404 | D:3      | Killed from afar by Sigmund

Skill      XL: |  1  2  3 |
---------------+----------+-----
Conjurations   | 1 2 |  2.5
Stealth        | 3 |  3.7
Air Magic      | 3 |  3.7
Dodging        | |  2.6
Spellcasting   | |  2.6
Charms         | |  0.3

Action                   |  1- 3 |  4- 6 || total
-------------------------+-------+-------++-------
Melee: Unarmed           |    32 |    18 ||    50
       Bite              |     6 |       ||     6
 Cast: Shock             |    64 |    57 ||   121
Evoke: Wand              |       |     2 ||     2
  Use: Potion            |       |     1 ||     1
  Eat: Chunk             |    11 |     7 ||    18
Armor: Skin              |     3 |     6 ||     9
Dodge: Dodged            |    29 |    40 ||    69
Block: Other             |       |     3 ||     3
